Map: [ESL] Dynasty

Players

Cyan - Winner!

  • Race: Protoss Protoss
  • Spawn Location: 1:00

Coffee

  • Race: Terran Terran
  • Spawn Location: 7:00

Event: ESL SC2 Masters 2024 Spring (Regional)

VOD

Have the link to the VOD?

Description

Time

  • Played on: April 26, 2024, 9:04 a.m.
  • Length: 8:26

All games in this series

Show
View Real Time Build Order
Export as new Build Order

Cyan Protoss - Winner!

Build Orders: 1 Gate Expand, Blink Stalkers 

Get SALT Encoding   

  12  0:00  Probe  
  13  0:12  Probe  
  14  0:17  Pylon  
  14  0:24  Probe (Chrono Boost)  
  15  0:36  Probe (Chrono Boost), Gateway  
  16  0:44  Probe (Chrono Boost)  
  16  0:45  Assimilator  
  17  0:51  Probe  
  18  1:03  Probe  
  19  1:15  Probe  
  20  1:24  Cybernetics Core  
  20  1:30  Nexus  
  20  1:33  Probe  
  20  1:39  Pylon  
  21  1:45  Probe  
  22  1:49  Assimilator  
  22  1:57  Warp Gate (Chrono Boost), Probe, Adept (Chrono Boost)  
  25  2:09  Probe  
  26  2:18  Adept (Chrono Boost)  
  26  2:21  Probe  
  29  2:26  Twilight Council  
  29  2:33  Probe  
  30  2:37  Gateway  
  30  2:42  Stalker  
  32  2:45  Probe  
  32  2:48  Probe  
  34  2:57  Probe  
  35  3:00  Blink (Chrono Boost)  
  33  3:06  Probe  
  33  3:10  Probe  
  35  3:13  Gateway  
  35  3:18  Probe  
  36  3:22  Probe  
  37  3:30  Probe  
  37  3:31  Robotics Facility  
  37  3:32  Pylon  
  34  3:42  Probe  
  34  3:45  Probe  
  34  3:48  Stalker x2  
  38  3:55  Probe  
  41  3:58  Probe  
  42  4:07  Probe  
  42  4:08  Pylon  
  43  4:10  Probe  
  43  4:12  Stalker x2  
  43  4:16  Stalker  
  50  4:23  Observer  
  50  4:24  Probe x2  
  53  4:33  Pylon  
  53  4:36  Probe x2  
  53  4:37  Stalker  
  57  4:41  Assimilator  
  57  4:45  Stalker  
  57  4:48  Probe x2  
  61  4:55  Pylon, Stalker  
  63  5:00  Probe x2  
  65  5:12  Probe, Nexus  
  66  5:17  Sentry  
  66  5:18  Shield Battery  
  68  5:27  Stalker x2  
  72  5:34  Probe  
  69  5:37  Shield Battery  
  69  5:38  Shield Battery  
  67  5:45  Immortal (Chrono Boost)  
  67  5:47  Stalker  
  71  5:53  Adept  
  71  6:01  Gateway x2  
  67  6:24  Immortal  
  69  6:28  Stalker  
  55  6:40  Probe x2  
  57  6:47  Pylon  
  57  6:49  Pylon  
  50  6:54  Stalker  
  50  6:56  Stalker  
  50  6:57  Stalker  
  54  7:01  Stalker  
  54  7:04  Probe  
  54  7:05  Pylon  
  47  7:21  Stalker x2  
  50  7:25  Probe  
  50  7:29  Immortal  
  55  7:31  Probe (Chrono Boost)  
  55  7:33  Probe (Chrono Boost)  
  55  7:34  Stalker  
  57  7:41  Pylon  
  57  7:42  Probe (Chrono Boost)  
  57  7:43  Probe (Chrono Boost)  
  57  7:44  Stalker x2  
  62  7:45  Probe (Chrono Boost)  
  62  7:50  Pylon  
  66  7:52  Probe x2 (Chrono Boost)  
  66  7:54  Probe (Chrono Boost)  
  68  8:00  Probe (Chrono Boost)  
  68  8:04  Observer, Probe (Chrono Boost)  
  68  8:05  Probe (Chrono Boost)  
  69  8:08  Pylon  
  69  8:11  Gateway  
  69  8:17  Gateway  
Show
View Real Time Build Order
Export as new Build Order

Coffee Terran 

Build Orders:  

Get SALT Encoding   

  12  0:00  SCV  
  13  0:12  SCV  
  14  0:16  Supply Depot  
  14  0:24  SCV  
  14  0:27  Refinery  
  15  0:38  SCV  
  16  0:43  Barracks  
  16  0:50  SCV  
  17  1:02  SCV  
  18  1:14  SCV  
  19  1:29  Marine  
  19  1:30  Orbital Command  
  19  1:31  Factory  
  20  1:38  Supply Depot  
  20  1:48  Barracks Reactor  
  20  1:57  SCV  
  21  2:09  SCV  
  21  2:12  Command Center  
  22  2:28  Hellion  
  22  2:29  SCV, Hellion  
  27  2:35  Supply Depot  
  27  2:44  Barracks  
  27  2:51  Hellion x2  
  30  3:01  SCV  
  30  3:04  Barracks  
  30  3:05  Refinery  
  31  3:13  SCV  
  30  3:21  Factory Tech Lab  
  30  3:22  Marine x2  
  30  3:25  SCV  
  31  3:41  Siege Tank, Barracks Tech Lab, Marine x2  
  32  3:44  SCV  
  32  3:46  Orbital Command  
  37  3:53  Barracks Tech Lab  
  37  3:59  Combat Shield  
  37  4:00  Marauder  
  37  4:02  Marine x2  
  41  4:13  Siege Tank  
  41  4:14  Marauder  
  46  4:19  Concussive Shells  
  46  4:23  Marine x2  
  48  4:27  Supply Depot  
  48  4:30  Marauder  
  50  4:35  Marauder  
  50  4:38  Supply Depot  
  50  4:41  SCV  
  51  4:50  Siege Tank  
  54  4:59  Marauder, Marine x2  
  58  5:05  SCV x2  
  58  5:06  Supply Depot  
  60  5:10  Marauder  
  57  5:20  Marine x2  
  44  5:53  Marauder  
  45  6:01  Bunker  
  45  6:04  Marine  
  45  6:06  SCV  
  45  6:14  SCV, Marauder  
  46  6:30  Marauder  
  39  6:34  Marine x2  
  39  6:35  Marauder  
  39  6:37  SCV x2  
  45  6:50  SCV x2  
  45  6:51  Marine x2  
  45  6:52  Marauder  
  51  6:59  Marauder  
  53  7:02  SCV x2  
  54  7:13  Marauder  
  54  7:15  SCV  
  47  7:20  Marauder  
  47  7:21  SCV  
  46  7:26  Marine x2  
  46  7:27  SCV  
  43  7:33  SCV  
  36  7:38  Marauder  
  36  7:39  SCV  
  39  7:44  Marine x2  
  39  7:45  SCV  
  39  7:46  Marine  
  43  7:51  SCV  
  46  7:59  Marine  
  45  8:07  Marine x2  
  45  8:10  SCV x2  
Tags
 
Add a new tag
Caveats
  • Supply blocks, unpowered buildings, or Contaminate may cause inaccurate times.
  • Supply counts are checked every 10 seconds.